 Dungeon Crawl Stone Soup version 0.31-a0-325-g067879e3d3 (webtiles) character file.

Game seed: 8322158127408870820

842 AdnanSaban the Cudgeller (level 8, -1/48 HPs)
             Began as a Gargoyle Fighter on July 18, 2023.
             Slain by an orc warrior
             ... wielding a +0 scimitar
              (14 damage)
             ... on level 5 of the Dungeon.
             The game lasted 00:07:48 (4741 turns).

AdnanSaban the Cudgeller (Gargoyle Fighter)         Turns: 4741, Time: 00:07:49

Health: -1/48      AC: 16    Str: 22    XL:     8   Next: 0%
Magic:  8/8        EV:  8    Int:  9    God:
Gold:   261        SH:  4    Dex:  9    Spells: 7/7 levels left

rFire   . . .        a - +0 flail
rCold   . . .        c - +0 buckler
rNeg    + . .        w - +0 chain mail
rPois   ∞            (no helmet)
rElec   +            y - +0 cloak
rCorr   .            (no gloves)
SInv    .            (no boots)
Will    .....        (no amulet) Stlth
                     (no ring)
HPRegen 0.28/turn    (no ring)
MPRegen 0.11/turn

%: no passive effects
@: no status effects
A: sickness immunity, AC +5, negative energy resistance 1, electricity
resistance, torment resistance 1, petrification resistance
a: no special abilities


You were on level 5 of the Dungeon.
You visited 1 branch of the dungeon, and saw 5 of its levels.

You collected 261 gold pieces.

Inventory:

Hand Weapons
 a - a +0 flail (weapon)
Armour
 c - a +0 buckler (worn)
 w - a +0 chain mail (worn)
 y - a +0 cloak (worn)
Jewellery
 x - a ring of flight
Wands
 b - a wand of flame (34)
Scrolls
 e - 2 scrolls of teleportation {unknown}
 f - 5 scrolls of identify {unknown}
 i - a scroll of enchant armour {unknown}
 k - 2 scrolls of poison {unknown}
 l - 2 scrolls of noise {unknown}
 m - a scroll of summoning {unknown}
 n - 2 scrolls of fog {unknown}
 p - a scroll of amnesia {unknown}
 s - a scroll of brand weapon {unknown}
 t - a scroll of vulnerability {unknown}
 v - a scroll of revelation {unknown}
Potions
 d - 2 potions of might
 g - a potion of degeneration {unknown}
 h - 2 potions of mutation {unknown}
 j - 2 potions of attraction {unknown}
 o - a potion of haste {unknown}
 q - 4 potions of heal wounds {unknown}
 r - 3 potions of curing {unknown}
 u - 2 potions of lignification {unknown}


   Skills:
 + Level 4.8 Fighting
 + Level 5.9 Maces & Flails
 + Level 5.8 Armour
 + Level 5.2 Shields


You had 7 spell levels left.
You didn't know any spells.
Your spell library contained the following spells:

 Spells                   Type           Power      Damage    Failure   Level
 Freeze                   Ice            0%         1d3       96%         1
 Kiss of Death            Conj/Necr      0%         2d5       96%         1
 Sting                    Tmut/Pois      0%         1d3       96%         1
 Poisonous Vapours        Pois/Air       0%         N/A       99%         2
 Static Discharge         Conj/Air       0%         2-2/arc   99%         2
 Confusing Touch          Hex            0%         N/A       100%        3
 Frozen Ramparts          Ice            0%         1d1       100%        3
 Hailstorm                Conj/Ice       0%         3d3       100%        3
 Airstrike                Air            0%         2d(0-16)  100%        4
 Dispel Undead            Necr           0%         3d6       100%        4
 Leda's Liquefaction      Hex/Erth       0%         N/A       100%        4
 Olgreb's Toxic Radiance  Pois           0%         N/A       100%        4
 Summon Lightning Spire   Summ/Air       0%         N/A       100%        4
 Cigotuvi's Dreadful Rot  Necr/Pois/Air  Unusable   N/A       N/A         2

Dungeon Overview and Level Annotations

Branches:
Dungeon (5/15)
 Temple: D:4-7

Altars:
Ashenzari
Fedhas
Hepliaklqana
Uskayaw
Yredelemnul

Annotations:
D:5 Sigmund


Innate Abilities, Weirdness & Mutations

You are immune to sickness and miasma.
Your stone body is resilient. (AC +5)
You are immune to poison.
You resist negative energy. (rN+)
You are resistant to electric shocks. (rElec)
You are resistant to unholy torment.
You are immune to petrification.


Message History

The orc warrior hits you with a +0 scimitar.
You hit the orc warrior.
The orc warrior is lightly wounded.
The orc warrior hits you with a +0 scimitar.
You closely miss the orc warrior.
The orc warrior is lightly wounded.
The orc warrior hits you with a +0 scimitar.
You closely miss the orc warrior.
The orc warrior is lightly wounded.
The orc warrior barely misses you.
You closely miss the orc warrior.
The orc warrior is lightly wounded.
The orc warrior hits you with a +0 scimitar!
You hit the orc warrior but do no damage.
The orc warrior is lightly wounded.
The orc warrior hits you with a +0 scimitar!
You are too injured to fight recklessly!
You are too injured to fight recklessly!
You are too injured to fight recklessly!
You are too injured to fight recklessly!
You are too injured to fight recklessly!
You are too injured to fight recklessly!
You are too injured to fight recklessly!
You are too injured to fight recklessly!
You are too injured to fight recklessly!
You are too injured to fight recklessly!
You are too injured to fight recklessly!
You are too injured to fight recklessly!
You are too injured to fight recklessly!
You are too injured to fight recklessly!
You are too injured to fight recklessly!
You are too injured to fight recklessly!
You are too injured to fight recklessly!
You are too injured to fight recklessly!
The orc warrior attacks as you move away!
The orc warrior hits you with a +0 scimitar!
* * * LOW HITPOINT WARNING * * *
The orc warrior attacks as you move away!
The orc warrior hits you with a +0 scimitar!
You die...

~.. ### ..## #.### .... #.#..
..# # #.... ##### #####
..#.###.. ####.# ....# #...#
##.#......###....#
....###...# #....# #.....#...
.#........######.o#
###.....#.##
....#.....##...#@.#
...........
....#.....##.#.[..#
##....##.##
....#........####.#
#.......<.. ...........####
#.# #.....#####
..#.....>.....#
#.#####....<.....
..#........[..#
#.#(........#####
###...........###...####....#
###.############......#######
....## #.P.P..#


You could see an orc warrior.

Vanquished Creatures
  Eustachio (D:5)
  A black bear (D:5)
  Blork the orc (D:5)
  2 hounds
  2 jellies
  A gnoll bouda (D:4)
  2 orc priests (D:5)
  2 iguanas
  3 orc wizards
  6 gnolls
  5 adders
  2 ufetubi (D:4)
  2 dart slugs
  10 orcs
  7 endoplasms
  8 giant cockroaches
  9 goblins
  8 hobgoblins
  3 jackals (D:3)
  2 kobolds
  A quokka (D:4)
  9 ball pythons
  6 bats
  2 frilled lizards
  2 rats
97 creatures vanquished.

Notes
Turn   | Place    | Note
-------+----------+-------------------------------------------
     0 | D:1      | AdnanSaban the Gargoyle Fighter began the quest for the
                  | Orb.
     0 | D:1      | Reached XP level 1. HP: 14/14 MP: 1/1
   120 | D:1      | Reached XP level 2. HP: 19/19 MP: 2/2
   818 | D:2      | Reached XP level 3. HP: 23/23 MP: 3/3
   834 | D:2      | Identified the +4 war axe of the Vanishing Seers {flame,
                  | rElec rF+}
  1633 | D:3      | Reached XP level 4. HP: 29/29 MP: 4/4
  1746 | D:3      | Found a broken altar of Ashenzari.
  1979 | D:3      | Found a hazy altar of Hepliaklqana.
  1989 | D:3      | Got the Meditations on Scree and Poison
  2612 | D:4      | Found a basalt altar of Yredelemnul.
  2613 | D:4      | Found a hide-covered altar of Uskayaw.
  2678 | D:4      | Reached XP level 5. HP: 27/33 MP: 5/5
  2799 | D:5      | Entered Level 5 of the Dungeon
  2978 | D:4      | Reached XP level 6. HP: 38/38 MP: 6/6
  3525 | D:5      | Noticed Sigmund
  3525 | D:5      | Noticed Eustachio
  3776 | D:5      | Reached skill level 5 in Armour
  3834 | D:5      | Noticed an orc warrior
  4050 | D:5      | Killed Eustachio
  4051 | D:5      | Reached skill level 5 in Maces & Flails
  4051 | D:5      | Reached XP level 7. HP: 18/44 MP: 7/7
  4277 | D:5      | Noticed Blork the orc
  4336 | D:5      | Killed Blork the orc
  4373 | D:5      | Reached skill level 5 in Shields
  4635 | D:5      | Reached XP level 8. HP: 48/48 MP: 8/8
  4674 | D:5      | Found a blossoming altar of Fedhas.
  4741 | D:5      | Slain by an orc warrior

Illustrated notes

Levels and vault maps discovered:
D:1:      dpeg_arrival_arbitrary_a, layout_loops_ring
D:2:      layout_loops_ring, kennysheep_generic_room_13
D:3:      layout_loops_ring, nicolae_hepliaklqana_hazy_memory,
          nicolae_ashenzari_panopticon, hangedman_decor_growths
D:4:      layout_rooms, gammafunk_temple_overflow_statue
D:5:      kennysheep_steamy, layout_basic, fedhas_altar_1,
          chequers_temple_overflow_statue_of_worship, minivault_1,
          pf_guarded_unrand_meek, uniq_sigmund, uniq_eustachio,
          uniq_blork_the_orc

Skill      XL: |  1  2  3  4  5  6  7 |
---------------+----------------------+-----
Armour         | 4 5 |  5.8
Maces & Flails | 3 4 5 |  5.9
Shields        | 4 5 |  5.2
Fighting       | 4 |  4.8

Action                     |  1- 3 |  4- 6 |  7- 9 || total
---------------------------+-------+-------+-------++-------
  Melee: Flail             |   147 |   226 |    83 ||   456
 Armour: Scale mail        |   102 |   114 |       ||   216
         Chain mail        |       |    68 |    61 ||   129
  Dodge: Dodged            |    73 |   171 |    16 ||   260
  Block: Buckler           |    36 |    82 |    10 ||   128

Table legend: (Time is in decaauts)
 A = Elapsed time spent in this place.
 B = Non-inter-level travel time spent in this place.
 C = Inter-level travel time spent in this place.
 D = Time resting spent in this place.
 E = Time spent auto-exploring this place.
 F = Levels seen in this place.
 G = Mean time per level.
                   A        B        C        D        E       F      G
               +--------+--------+--------+--------+--------+-----+--------+
         Total |   4867 |   4609 |    258 |    422 |   3032 |   5 |  973.4 |
       Dungeon |   4867 |   4609 |    258 |    422 |   3032 |   5 |  973.4 |
               +--------+--------+--------+--------+--------+-----+--------+

Top non-repeatable levels by time:
     D:5: 1173 daAuts
     D:4: 1126 daAuts
     D:3: 894 daAuts
     D:2: 886 daAuts
     D:1: 785 daAuts
